 Dungeon Crawl Stone Soup version 0.20-a0-681-gf83e07f (webtiles) character file.

11130 KristoblXynda the Unseen (level 11, 0/51 HPs)
             Began as a Spriggan Artificer on Feb 18, 2017.
             Was a Believer of Yredelemnul.
             Slain by a yak (15 damage)
             ... on level 11 of the Dungeon.
             The game lasted 00:28:56 (10207 turns).

KristoblXynda the Unseen (Spriggan Artificer)      Turns: 10207, Time: 00:28:57

Health: 0/51       AC:  3    Str:  8    XL:     11   Next: 45%
Magic:  19/19      EV: 28    Int: 19    God:    Yredelemnul [**....]
Gold:   64         SH:  0    Dex: 19    Spells: 10/10 levels left

rFire    . . .     SeeInvis +   l - +5 short sword (drain)
rCold    . . .     Gourm    .   b - +1 robe
rNeg     + . .     Faith    .   (shield restricted)
rPois    .         Spirit   .   z - +0 hat {Int+3}
rElec    +         Reflect  .   (no cloak)
rCorr    .         Harm     .   (gloves unavailable)
MR       +....                  (boots unavailable)
Stlth    ++++++....             x - amulet of magic regeneration
Regen    0.2/turn               v - ring "Qag Kun" {Wiz rElec Dex+2}
MPRegen  0.3/turn               e - ring of positive energy

@: very quick
A: unfitting armour, see invisible, herbivore 3, speed 3, slow metabolism 2
a: Animate Remains, Recall Undead Slaves, Injury Mirror, Renounce Religion


You were on level 11 of the Dungeon.
You worshipped Yredelemnul.
Yredelemnul was pleased with you.
You were not hungry.

You visited 2 branches of the dungeon, and saw 12 of its levels.

You collected 374 gold pieces.
You spent 310 gold pieces at shops.

Inventory:

Hand Weapons
 l - a +5 short sword of draining (weapon)
Armour
 b - a +1 robe (worn)
 z - a +0 hat of intelligence (worn)
Jewellery
 e - a ring of positive energy (left hand)
 u - a +2 ring of dexterity
 v - the ring "Qag Kun" (right hand) {Wiz rElec Dex+2}
   (You found it on level 5 of the Dungeon)

   [ring of wizardry]

   It improves your spell success rate.
   It affects your dexterity (+2).
   It insulates you from electricity.
 x - an amulet of magic regeneration (around neck)
Wands
 d - a wand of enslavement (3/24)
 B - a wand of digging (6/24)
 C - a wand of flame (0/48)
Scrolls
 h - a scroll of recharging
 m - a scroll of amnesia
 o - 4 scrolls of fear
 p - a scroll of remove curse
 t - 2 scrolls of immolation
 y - 4 scrolls of teleportation
 D - a scroll of blinking
Potions
 a - 2 potions of curing
 i - 2 potions of mutation
 j - a potion of haste {unknown}
 k - a potion of might {unknown}
 n - a potion of flight
 q - 2 potions of invisibility
 r - a potion of cancellation {unknown}
 s - a potion of brilliance {unknown}
 w - 5 potions of agility
Comestibles
 c - a royal jelly
 f - 4 bread rations
 g - 27 fruits


   Skills:
 - Level 2.3 Fighting
 - Level 10.1 Short Blades
 + Level 0.9 Armour
 + Level 11.3 Dodging
 - Level 15.3 Stealth
 + Level 4.2 Invocations
 - Level 10.0 Evocations


You had 10 spell levels left.
You didn't know any spells.

Dungeon Overview and Level Annotations

Branches:
Dungeon (11/15)            Temple (1/1) D:5
   Lair: D:8-11         Orc: D:9-12

Altars:
Ashenzari
Cheibriados
Dithmenos
Elyvilon
Fedhas
Gozag
Hepliaklqana
Kikubaaqudgha
Makhleb
Nemelex Xobeh
Okawaru
Qazlal
Ru
Sif Muna
Trog
Uskayaw
Vehumet
Xom
Yredelemnul
Zin
The Shining One

Shops:
D:7 !**:   D:9 *

Annotations:
D:3 Malvoorn's ghost, amateur MiHu


Innate Abilities, Weirdness & Mutations

You are very small and have problems with some larger weapons.
You are too small for most types of armour.
You have supernaturally acute eyesight. (SInv)
You are a herbivore.
You cover ground extremely quickly.
You need consume almost no food.


Message History

Aiming: Enslavement
Press: ? - help, Shift-Dir - straight line, f/p - yak
Aim: a yak (lightly wounded, lightly drained, chance to defeat MR: 74%)
The yak is charmed.
This wand has 3 charges left.
The yak gores your yak but does no damage.
The yak gores your yak! The yak gores your yak!
The yak closely misses your yak. The yak gores your yak!
The yak gores your yak.
Your yak dies!
You feel better. The yak completely misses you.
You closely miss the yak.
The yak is severely wounded.
You barely miss the yak.
The yak is severely wounded.
The yak gores you!
You die...
Your body rises from the dead as a mindless zombie.

######## ##....<.##
##........##
#..........#
#..........#####
#...............
#..%.@Y†>.....#
#..........##.
##........##
#.........†####
#...........†.##
#..........##..###
#..........###...##
#..........#
###..####
##...........
##.....


You could see a yak.

Vanquished Creatures
  Gastronok (D:8)
  The ghost of kae the Cleaver, a journeyman MiFi of Okawaru (D:10)
  A catoblepas (D:10)
  An unseen horror (D:10)
  Pikel (D:5)
  Joseph (D:8)
  A komodo dragon (D:10)
  A troll (D:10)
  A hippogriff (D:9)
  A wyvern (D:9)
  6 yaks
  A hungry ghost (D:10)
  Grum (D:8)
  A wolf (D:8)
  Edmund (D:5)
  Duvessa (D:6)
  2 water moccasins
  2 orc warriors
  2 sky beasts
  A hornet zombie (D:9)
  An ice beast (D:9)
  4 black bears
  2 necrophages
  7 ogres
  2 phantoms (D:9)
  5 centaurs
  A big kobold (D:8)
  6 bullfrogs
  4 scorpions
  Dowan (D:6)
  4 killer bees (D:9)
  3 howler monkeys (D:10)
  3 crimson imps
  5 orc priests
  A centaur skeleton (D:6)
  A hound (D:4)
  An iron imp (D:6)
  6 jellies
  Jessica (D:2)
  10 worker ants
  An iguana (D:9)
  10 orc wizards
  A killer bee zombie (D:9)
  2 hound skeletons
  3 gnolls (D:7)
  9 adders
  A shadow imp (D:9)
  2 oozes (D:1)
  2 adder zombies (D:7)
  2 dart slugs (D:2)
  4 leopard geckos
  39 orcs
  A ball python (D:3)
  3 bats
  A giant cockroach (D:1)
  2 goblins (D:1)
  14 jackals
  4 quokkas
  A frilled lizard (D:2)
  5 kobolds
  A leopard gecko skeleton (D:9)
  A leopard gecko zombie (D:9)
  3 rats
208 creatures vanquished.

Vanquished Creatures (collateral kills)
  A wolf (D:8)
  An orc wizard (D:5)
  A frilled lizard (D:5)
3 creatures vanquished.

Vanquished Creatures (others)
  2 yaks
  2 slaves (D:5)
  A water moccasin (D:10)
  An orc priest (D:5)
  A hound (D:5)
  An orc (D:8)
8 creatures vanquished.

Grand Total: 219 creatures vanquished

Notes
Turn   | Place    | Note
-------+----------+-------------------------------------------
     0 | D:1      | KristoblXynda the Spriggan Artificer began the quest for the Orb.
     0 | D:1      | Reached XP level 1. HP: 9/9 MP: 4/4
    13 | D:1      | Reached skill level 1 in Fighting
    40 | D:1      | Reached skill level 2 in Stealth
   183 | D:1      | Reached XP level 2. HP: 14/14 MP: 6/6
   517 | D:1      | Reached skill level 3 in Stealth
   517 | D:1      | Reached XP level 3. HP: 18/18 MP: 7/7
   697 | D:2      | Noticed Jessica
   704 | D:2      | Killed Jessica
   708 | D:2      | Reached XP level 4. HP: 13/23 MP: 8/8
   716 | D:2      | Found a shattered altar of Ashenzari.
  1091 | D:2      | Reached skill level 4 in Stealth
  1293 | D:3      | Noticed Malvoorn's ghost (amateur MiHu)
  1313 | D:3      | You fall through a shaft for 2 floors!
  1313 | D:5      | Entered Level 5 of the Dungeon
  1346 | D:5      | Reached skill level 5 in Evocations
  1379 | D:5      | Noticed a centaur
  1389 | D:5      | Got a warped platinum ring
  1390 | D:5      | Identified the ring "Qag Kun" {Wiz rElec Dex+2} (You found it on level 5 of the Dungeon)
  1414 | D:5      | Killed a centaur
  1414 | D:5      | Reached skill level 5 in Stealth
  1414 | D:5      | Reached XP level 5. HP: 8/27 MP: 8/10
  1712 | D:4      | Found a snail-covered altar of Cheibriados.
  1715 | D:4      | Noticed an ogre
  1735 | D:4      | Killed an ogre
  1735 | D:4      | Reached XP level 6. HP: 15/31 MP: 11/11
  1805 | D:4      | Reached skill level 6 in Stealth
  2044 | D:4      | Reached XP level 7. HP: 23/35 MP: 13/13
  2418 | D:5      | Reached skill level 7 in Stealth
  2875 | D:5      | Noticed Pikel
  2927 | D:5      | Killed Pikel
  2927 | D:5      | Reached skill level 5 in Short Blades
  2927 | D:5      | Reached skill level 8 in Stealth
  2927 | D:5      | Reached XP level 8. HP: 39/39 MP: 13/15
  3116 | D:5      | Noticed Edmund
  3129 | D:5      | Killed Edmund
  3129 | D:5      | Reached skill level 9 in Stealth
  3482 | D:5      | Found a staircase to the Ecumenical Temple.
  3492 | Temple   | Entered the Ecumenical Temple
  3804 | D:6      | Noticed Grinder
  3811 | D:6      | Noticed Grinder
  3811 | D:6      | Grinder changed into Grinder the quasit
  3818 | D:6      | Noticed Grinder
  3818 | D:6      | Grinder the quasit changed into Grinder the iron imp
  3834 | D:6      | Killed Grinder the iron imp
  3855 | D:6      | Noticed Prince Ribbit
  3866 | D:6      | Noticed Prince Ribbit
  3866 | D:6      | Prince Ribbit changed into Prince Ribbit the black bear
  3879 | D:6      | Killed Prince Ribbit the black bear
  3996 | D:6      | Noticed Duvessa
  3998 | D:6      | Noticed Dowan
  4000 | D:6      | Killed Dowan
  4056 | D:6      | Killed Duvessa
  4157 | D:6      | Reached skill level 10 in Stealth
  4740 | D:6      | Reached XP level 9. HP: 26/43 MP: 17/17
  4880 | D:7      | Found Fussatops's Book Boutique.
  5080 | D:7      | Reached skill level 11 in Stealth
  5288 | D:7      | Reached skill level 10 in Evocations
  5326 | D:7      | Found Voginneu's Assorted Antiques.
  5490 | D:7      | Bought a wand of flame (?/48) for 31 gold pieces
  5644 | D:7      | Found a basalt altar of Yredelemnul.
  5644 | D:7      | Found a radiant altar of Vehumet.
  5648 | D:7      | Became a worshipper of Yredelemnul the Dark
  5676 | D:7      | Found Looda's Distillery.
  5715 | D:7      | Found Nitixom's Assorted Antiques.
  5848 | D:7      | Found a sparkling altar of Nemelex Xobeh.
  6038 | D:8      | Noticed Grum
  6052 | D:8      | Reached skill level 5 in Dodging
  6064 | D:8      | Killed Grum
  6457 | D:8      | Reached skill level 12 in Stealth
  6494 | D:8      | Noticed Gastronok
  6522 | D:8      | Killed Gastronok
  6522 | D:8      | Reached skill level 13 in Stealth
  6522 | D:8      | Reached XP level 10. HP: 26/47 MP: 18/18
  6940 | D:8      | Noticed Joseph
  6959 | D:8      | Killed Joseph
  7514 | D:9      | Reached * piety under Yredelemnul
  7616 | D:9      | Found Cehepsai's Island Escapes.
  8182 | D:9      | Reached skill level 10 in Short Blades
  8192 | D:9      | Reached skill level 14 in Stealth
  8451 | D:9      | Reached skill level 1 in Invocations
  8546 | D:9      | Found a deep blue altar of Sif Muna.
  8796 | D:10     | Entered Level 10 of the Dungeon
  8803 | D:9      | Bought a potion of invisibility for 104 gold pieces
  8803 | D:9      | Bought 2 scrolls of teleportation for 78 gold pieces
  8803 | D:9      | Bought a scroll of blinking for 97 gold pieces
  8817 | D:10     | Reached ** piety under Yredelemnul
  8882 | D:10     | Noticed an unseen horror
  8885 | D:10     | Reached skill level 10 in Dodging
  8888 | D:10     | Killed an unseen horror
  8888 | D:10     | Reached XP level 11. HP: 51/51 MP: 19/19
  8976 | D:10     | Noticed kae's ghost (journeyman MiFi)
  9088 | D:10     | HP: 2/51 [water moccasin (9)]
  9096 | D:10     | Killed kae's ghost
  9380 | D:10     | Noticed a catoblepas
  9622 | D:10     | Reached skill level 15 in Stealth
  9815 | D:10     | Killed a catoblepas
 10207 | D:11     | Slain by a yak

Vault maps used:
D:1:      erik_arrival_gehennom, roderic_hopi_sauvastika, serial_park_tiny_1
D:2:      overflow_temple_1_default, uniq_jessica
D:3:      serial_bayou_lagoon_a, grunt_ministairs_1
D:4:      nicolae_zen_rock_garden, cheibriados_altar_1
D:5:      minmay_temple_entry_poolview, first_bread, uniq_pikel, uniq_edmund
D:6:      uniq_grinder, uniq_duvessa, uniq_prince_ribbit1
D:7:      nemelex_xobeh_ov_fountains_minmay, gammafunk_temple_overflow_elements,
          serial_shops, shop_fountains, shop, shop, shop,
          minmay_misc_feat_plants
D:8:      blue_anna_alchemist, kennysheep_decorative_pillar, uniq_gastronok,
          uniq_joseph, uniq_grum
D:9:      lemuel_crystal_altar, grunt_ministairs_1, nicolae_island_escapes
D:10:     kennysheep_generic_room_5
D:11:     kennysheep_seaside_town, hiddenorc2_lemuel
Temple:   minmay_temple_bridge_d

Skill      XL: |  1  2  3  4  5  6  7  8  9 10 11 |
---------------+----------------------------------+-----
Fighting       | 1 2 |  2.3
Stealth        | 2 3 5 6 8 10 13 14 15 | 15.3
Evocations     | 5 6 8 9 10 | 10.0
Short Blades   | 2 3 5 6 9 10 | 10.1
Dodging        | 7 10 11 | 11.3
Invocations    | 2 4 |  4.2
Armour         | |  0.9

Action                   |  1- 3 |  4- 6 |  7- 9 | 10-12 || total
-------------------------+-------+-------+-------+-------++-------
Melee: Short sword       |    66 |    46 |   217 |   307 ||   636
       Dagger            |       |       |    29 |       ||    29
Evoke: Wand              |     4 |    18 |    62 |    81 ||   165
  Use: Scroll            |       |     6 |    17 |     8 ||    31
       Potion            |       |     1 |     1 |     2 ||     4
 Stab: Sleeping          |     5 |     5 |    11 |    19 ||    40
       Confused          |       |     1 |       |       ||     1
       Distracted        |       |       |     1 |     4 ||     5
       Paralysed         |       |       |     2 |       ||     2
  Eat: Fruit             |       |       |     1 |     2 ||     3
       Royal jelly       |       |       |     1 |     2 ||     3
Armor: Robe              |     8 |       |    20 |     3 ||    31
Dodge: Dodged            |    83 |    38 |   159 |   229 ||   509
